 Dungeon Crawl Stone Soup version 0.25.0-41-g26779e291d (webtiles) character file.

Game seed: 17559023061788836377

53 Curus the Cudgeler (level 3, -1/31 HPs)
             Began as a Minotaur Fighter on July 10, 2020.
             Slain by a goblin (5 damage)
             ... led by Robin
             ... on level 2 of the Dungeon.
             The game lasted 00:05:13 (1179 turns).

Curus the Cudgeler (Minotaur Fighter)               Turns: 1179, Time: 00:05:13

Health: -1/31      AC:  7    Str: 18 (20) XL:     3   Next: 64%
Magic:  11/11      EV:  7    Int:  4 (6)  God:
Gold:   58         SH:  8    Dex:  6 (9)  Spells: 2/2 levels left

rFire    . . .     SeeInvis .   a - +1 flail
rCold    . . .     Gourm    .   c - +0 kite shield
rNeg     . . .     Faith    .   b - +0 scale mail
rPois    .         Spirit   .   (helmet restricted)
rElec    +         Reflect  .   (no cloak)
rCorr    .         Harm     .   (no gloves)
MR       .....                  (no boots)
Stlth    ..........             (no amulet)
HPRegen  0.10/turn              e - ring of magical power
MPRegen  0.12/turn              (no ring)

@: mighty
A: retaliatory headbutt, horns 2, shaggy fur 1, electricity resistance
a: no special abilities


You were on level 2 of the Dungeon.
You were not hungry.

You visited 1 branch of the dungeon, and saw 2 of its levels.

You collected 58 gold pieces.

Inventory:

Hand Weapons
 a - a +1 flail (weapon)
Armour
 b - a +0 scale mail (worn)
 c - a +0 kite shield (worn)
Jewellery
 e - a ring of magical power (left hand)
Comestibles
 f - 4 rations


   Skills:
 - Level 3.6 Fighting
 + Level 4.9 Maces & Flails
 - Level 3.6 Armour
 - Level 3.6 Shields


You had 2 spell levels left.
You didn't know any spells.
Your spell library was empty.

Dungeon Overview and Level Annotations

Branches:
Dungeon (2/15)

Altars:

Annotations:
D:2 Robin


Innate Abilities, Weirdness & Mutations

You reflexively headbutt those who attack you in melee.
You have a pair of horns on your head.
You are covered in fur. (AC +1)
You are resistant to electric shocks. (rElec)


Message History

You sock the goblin!
You kill the goblin!
You feel your intelligence returning. You block the hobgoblin's attack.
You block the goblin's attack.
The hobgoblin hits you but does no damage.
You barely miss the goblin. Your headbutt misses the goblin.
You block the goblin's attack. The hobgoblin hits you.
* * * LOW HITPOINT WARNING * * *
The goblin hits you but does no damage.
You sock the goblin!
You kill the goblin!
You block the hobgoblin's attack.
Your shield and scale mail prevent you from hitting the hobgoblin.
Your headbutt misses the hobgoblin.
The hobgoblin is severely wounded.
The hobgoblin closely misses you.
You hit the hobgoblin.
You kill the hobgoblin!
The goblin hits you.
You die...

###.........##.................
#.....#....#.................
#.....#....#...##............
#####.. ..#...#####.........
... #...(......####.##
#.................
#.................
#.))..............
#@........#.......
......g##########.......
....... ....... .##.... .......
...... ....... ###.#.. ......#
..... .#.#### .. ... .. . . ..


You could see a goblin (strong).

Vanquished Creatures
  An adder (D:2)
  2 dart slugs (D:1)
  2 bats (D:1)
  A giant cockroach (D:2)
  6 goblins
  8 hobgoblins
  6 kobolds
  A quokka (D:2)
  2 ball pythons (D:1)
  4 frilled lizards
  7 rats
40 creatures vanquished.

Notes
Turn   | Place    | Note
-------+----------+-------------------------------------------
     0 | D:1      | Curus the Minotaur Fighter began the quest for the Orb.
     0 | D:1      | Reached XP level 1. HP: 19/19 MP: 0/0
    55 | D:1      | Reached skill level 3 in Maces & Flails
   102 | D:1      | Gained mutation: You are covered in fur. (AC +1) [potion of
                  | mutation]
   102 | D:1      | Gained mutation: You are resistant to electric shocks.
                  | (rElec) [potion of mutation]
   143 | D:1      | Reached XP level 2. HP: 26/26 MP: 1/1
   513 | D:1      | Reached skill level 4 in Maces & Flails
   685 | D:2      | Reached XP level 3. HP: 20/31 MP: 2/2
  1154 | D:2      | Noticed Robin
  1179 | D:2      | Slain by a goblin

Illustrated notes

Levels and vault maps discovered:
D:1:      lightli_arrival_windingriver, layout_basic
D:2:      cheibrodos_helix_gallery, layout_basic, uniq_robin, uniq_natasha

Skill      XL: |  1  2 |
---------------+-------+-----
Maces & Flails | 3 4 |  4.9
Fighting       | |  3.6
Armour         | |  3.6
Shields        | |  3.6

Action                   || total
-------------------------++-------
Melee: Flail             ||   122
       Headbutt          ||    10
  Use: Scroll            ||     5
       Potion            ||     4
  Eat: Chunk             ||     1
Armor: Scale mail        ||    68
Dodge: Dodged            ||    46
Block: Kite shield       ||    80
